Map: Stasis LE

Players

Riquiz

  • Race: Zerg Zerg
  • League: Master
  • Spawn Location: 11:00

Melle - Winner!

  • Race: Protoss Protoss
  • League: Master
  • Spawn Location: 1:00

Event: DSCL Nationals 2018 - Finals

VOD

Have the link to the VOD?

Description

Time

  • Played on: Dec. 1, 2018, 5:29 a.m.
  • Length: 12:12
Show
View Real Time Build Order
Export as new Build Order

Riquiz Zerg 

Build Orders: Pool First 

Get SALT Encoding   

  12  0:01  Drone  
  13  0:14  Overlord  
  13  0:19  Drone  
  14  0:32  Drone x2  
  16  0:37  Drone  
  17  0:51  Spawning Pool  
  16  0:57  Drone x2  
  18  1:35  Drone  
  19  1:40  Zergling x2  
  19  1:41  Zergling x2  
  19  1:46  Overlord  
  21  1:49  Queen, Hatchery  
  22  1:56  Extractor  
  21  2:09  Hatchery  
  21  2:14  Drone x2  
  22  2:18  Drone  
  23  2:28  Queen  
  25  2:31  Drone  
  26  2:43  Overlord  
  26  2:50  Drone  
  27  2:57  Drone x3  
  30  3:05  Overlord  
  30  3:08  Drone  
  30  3:10  Metabolic Boost  
  31  3:15  Drone  
  31  3:16  Drone  
  33  3:23  Zergling x2  
  33  3:25  Zergling x2  
  35  3:35  Drone  
  35  3:36  Drone x3  
  35  3:41  Queen  
  39  3:47  Overlord  
  41  3:50  Spore Crawler  
  41  3:51  Spore Crawler  
  41  3:54  Drone x2  
  41  3:59  Zergling x6  
  43  4:04  Drone x2  
  43  4:05  Drone  
  46  4:23  Lair, Extractor  
  45  4:25  Extractor, Drone x3  
  45  4:26  Drone x3  
  45  4:29  Roach Warren, Drone  
  50  4:34  Drone x3  
  53  4:38  Queen  
  53  4:41  Drone  
  53  4:42  Drone  
  53  4:44  Drone  
  58  4:47  Extractor  
  56  4:56  Drone x2  
  56  4:58  Drone  
  58  5:02  Overlord x2  
  58  5:12  Overlord  
  58  5:15  Overlord, Evolution Chamber  
  58  5:19  Queen x2  
  61  5:27  Overlord x2  
  60  5:28  Glial Reconstitution  
  60  5:30  Queen  
  61  5:36  Roach  
  61  5:37  Roach x5  
  71  5:46  Overlord x2  
  71  5:53  Roach x5  
  81  6:01  Drone x3  
  83  6:10  Drone x3  
  86  6:18  Ravager x5  
  91  6:19  Zergling x2  
  91  6:20  Roach  
  91  6:21  Queen x3  
  91  6:23  Zergling x2  
  101  6:28  Ravager, Overlord  
  102  6:36  Zergling x4  
  103  6:42  Spore Crawler x2  
  103  6:43  Roach x2, Zergling x2  
  103  6:45  Overlord x3  
  105  6:52  Roach, Zergling x4  
  103  7:04  Roach x4  
  103  7:05  Roach x2  
  107  7:18  Queen x3  
  111  7:24  Roach x3, Zergling x4  
  100  7:52  Drone x9  
  100  7:54  Queen x3  
  81  8:20  Zerg Missile Weapons Level 1  
  81  8:24  Extractor  
  76  8:31  Roach  
  76  8:32  Roach x2  
  76  8:33  Roach x2  
  86  8:36  Hatchery  
  83  8:42  Queen x3, Hydralisk Den  
  83  8:45  Ravager x4  
  83  8:46  Zergling x8  
  83  8:47  Zergling x6  
  95  8:58  Ravager x5  
  88  9:14  Roach, Zergling x2, Hydralisk x4  
  98  9:26  Grooved Spines  
  98  9:29  Spore Crawler x2  
  91  9:36  Hydralisk x4  
  95  9:43  Hydralisk  
  94  9:57  Hydralisk x2  
  94  9:58  Zergling x2  
  95  10:07  Hydralisk x2  
  95  10:13  Drone  
  95  10:14  Drone  
  99  10:19  Hydralisk  
  95  10:30  Hydralisk x2  
  96  10:41  Hydralisk x2  
  95  10:52  Hydralisk x2  
  95  11:00  Hydralisk  
  95  11:01  Hydralisk  
  92  11:09  Hydralisk  
  92  11:10  Hydralisk  
  94  11:19  Hydralisk  
  94  11:24  Hydralisk  
  94  11:25  Hydralisk  
  100  11:33  Hydralisk  
Show
View Real Time Build Order
Export as new Build Order

Melle Protoss - Winner!

Build Orders: Forge Fast Expand (FFE), Oracle Opening, Carriers 

Get SALT Encoding   

  12  0:00  Probe  
  13  0:12  Probe  
  14  0:21  Pylon  
  14  0:24  Probe  
  15  0:35  Probe  
  15  0:40  Forge  
  16  0:43  Probe  
  17  0:56  Probe  
  18  1:08  Probe  
  19  1:33  Nexus  
  19  1:38  Probe, Gateway  
  20  1:53  Probe, Photon Cannon  
  21  1:55  Assimilator  
  21  2:10  Probe  
  22  2:16  Assimilator  
  22  2:19  Pylon  
  22  2:22  Probe  
  23  2:25  Cybernetics Core  
  23  2:29  Pylon  
  23  2:33  Probe  
  23  2:41  Probe  
  23  2:42  Probe  
  24  2:50  Probe  
  26  2:51  Stalker  
  26  2:52  Probe  
  28  3:02  Warp Gate  
  28  3:03  Probe  
  28  3:04  Probe  
  32  3:15  Probe  
  32  3:19  Probe  
  34  3:20  Stargate  
  34  3:23  Adept  
  36  3:29  Probe  
  36  3:31  Probe  
  38  3:41  Probe  
  39  3:43  Assimilator  
  39  3:44  Probe  
  40  3:50  Sentry  
  40  3:53  Probe  
  43  3:56  Probe, Assimilator  
  43  3:58  Oracle  
  44  4:05  Probe  
  44  4:08  Probe  
  49  4:17  Probe  
  49  4:20  Probe, Pylon x2  
  51  4:29  Probe, Void Ray  
  52  4:32  Probe  
  52  4:34  Pylon  
  57  4:41  Probe  
  57  4:44  Probe, Pylon  
  57  4:53  Probe  
  57  4:56  Probe  
  59  5:02  Fleet Beacon  
  59  5:03  Stargate  
  59  5:05  Probe, Adept  
  62  5:08  Probe  
  63  5:18  Probe  
  63  5:20  Probe  
  65  5:28  Adept  
  66  5:30  Probe  
  66  5:32  Probe  
  66  5:33  Tempest  
  66  5:35  Tempest  
  68  5:42  Nexus  
  67  5:46  Pylon x2  
  77  5:56  Probe x2  
  79  6:05  Protoss Air Weapons Level 1  
  79  6:10  Photon Cannon  
  76  6:12  Carrier, Photon Cannon  
  76  6:14  Tempest, Photon Cannon  
  81  6:31  Probe  
  88  6:34  Pylon  
  88  6:54  Stalker  
  90  7:08  Probe x2  
  79  7:16  Probe  
  79  7:19  Tempest x2  
  90  7:24  Gateway  
  90  7:25  Gateway  
  90  7:27  Gateway  
  87  7:39  Pylon  
  87  7:41  Pylon  
  87  7:42  Pylon  
  79  7:59  Stalker  
  79  8:03  Void Ray  
  81  8:12  Void Ray  
  85  8:44  Nexus  
  85  8:45  Pylon  
  85  8:46  Void Ray  
  85  8:47  Pylon  
  89  8:49  Pylon  
  89  8:55  Carrier  
  89  9:28  Probe x2  
  89  9:29  Carrier  
  89  9:30  Photon Cannon  
  97  9:39  Carrier  
  97  9:40  Adept  
  103  10:09  Probe x3  
  103  10:13  Photon Cannon  
  105  10:26  Probe  
  106  10:33  Carrier  
  106  10:35  Carrier  
  112  10:55  Probe  
  118  10:59  Probe x2  
  118  11:32  Adept x3  
  124  11:34  Probe x2  
Tags
 
Add a new tag
Caveats
  • Supply blocks, unpowered buildings, or Contaminate may cause inaccurate times.
  • Supply counts are checked every 10 seconds.